 Dungeon Crawl Stone Soup version 0.31-a0-1074-g0b22e4e0f1 (webtiles) character file.

Game seed: 5948202945796322221

152 wildpjah the Vexing (level 5, -1/25 HPs)
             Began as a Spriggan Hexslinger on Dec 3, 2023.
             Killed from afar by Sigmund (8 damage)
             ... with a puff of flame
             ... on level 3 of the Dungeon on Dec 4, 2023.
             The game lasted 00:04:24 (1967 turns).

wildpjah the Vexing (Spriggan Hexslinger)           Turns: 1967, Time: 00:04:25

Health: -1/25      AC:  2    Str:  4    XL:     5   Next: 11%
Magic:  8/8        EV: 18    Int: 14    God:
Gold:   116        SH:  0    Dex: 20    Spells: 5/7 levels left

rFire   . . .        a - +1 sling
rCold   . . .        (no shield)
rNeg    . . .        c - +0 robe
rPois   .            (helmet restricted)
rElec   .            (no cloak)
rCorr   .            (gloves unavailable)
SInv    +            (boots unavailable)
Will    .....        (no amulet)
Stlth   +            (no ring)
HPRegen 0.24/turn    (no ring)
MPRegen 0.11/turn

%: no passive effects
@: confused, very quick
A: very small, no large weapons, unfitting armour, see invisible, speed 3
a: no special abilities


You were on level 3 of the Dungeon.
You visited 1 branch of the dungeon, and saw 3 of its levels.

You collected 116 gold pieces.

Inventory:

Hand Weapons
 a - a +1 sling (weapon)
Armour
 c - a +0 robe (worn)
Magical Staves
 i - a staff of poison
Scrolls
 b - 2 scrolls of poison
 d - 2 scrolls of identify {unknown}
 e - 3 scrolls of teleportation {unknown}
 f - a scroll of immolation {unknown}
 k - a scroll of fear {unknown}
 l - a scroll of vulnerability {unknown}
Potions
 g - a potion of berserk rage {unknown}
 h - 2 potions of curing {unknown}
 j - a potion of heal wounds {unknown}
 m - a potion of magic {unknown}
 n - a potion of haste {unknown}
 o - a potion of mutation {unknown}


   Skills:
 + Level 1.5 Fighting
 + Level 4.2 Ranged Weapons
 + Level 3.1 Dodging
 + Level 1.1 Stealth
 + Level 1.6 Spellcasting
 + Level 4.3 Hexes
 + Level 0.7 Fire Magic


You had 5 spell levels left.
You knew the following spells:

 Your Spells              Type           Power      Damage    Failure   Level
a - Jinxbite              Hex            26%        N/A       6%          2

Your spell library contained the following spells:

 Spells                   Type           Power      Damage    Failure   Level
 Sigil of Binding         Hex            13%        N/A       12%         3
 Summon Small Mammal      Summ           4%         N/A       26%         1
 Inner Flame              Hex/Fire       8%         N/A       26%         3
 Summon Guardian Golem    Hex/Summ       7%         N/A       30%         3
 Cause Fear               Hex            6%         N/A       38%         4
 Call Canine Familiar     Summ           1%         N/A       58%         3
 Dimensional Bullseye     Hex/Tloc       3%         N/A       69%         4


Dungeon Overview and Level Annotations

Branches:
Dungeon (3/15)

Altars:
Elyvilon
Okawaru
Zin
The Shining One

Annotations:
D:3 1 runed translucent door, Sigmund


Innate Abilities, Weirdness & Mutations

You are very small and have problems with some larger weapons.
You are too small for most types of armour.
You have supernaturally acute eyesight. (SInv)
You cover ground extremely quickly. (Speed+++)


Message History

You shoot a sling bullet. The sling bullet barely misses Sigmund.
Sigmund barely misses you.
You shoot a sling bullet. The sling bullet hits Sigmund.
Sigmund is moderately wounded.
Sigmund casts a spell at you. The magic dart hits you!
Your magical contamination has completely faded away.
You are too injured to fight recklessly!
You are too injured to fight recklessly!
You are too injured to fight recklessly!
You are too injured to fight recklessly!
You are too injured to fight recklessly!
You are too injured to fight recklessly!
Fire: a) +1 sling
Press: ? - help, Q - select action, (/) - cycle Shift-Dir - straight line, f/p - Sigmund
Aim: Sigmund, wielding a +0 scythe and wearing a +0 robe (moderately wounded, slightly transparent, 60% to hit)
You shoot a sling bullet. The sling bullet barely misses Sigmund.
Sigmund closely misses you.
You see here the felid corpse of Natasha.
You are too injured to fight recklessly!
You are too injured to fight recklessly!
You are too injured to fight recklessly!
Fire: a) +1 sling
Press: ? - help, Q - select action, (/) - cycle Shift-Dir - straight line, f/p - Sigmund
Aim: Sigmund, wielding a +0 scythe and wearing a +0 robe (moderately wounded, slightly transparent, 60% to hit)
You shoot a sling bullet. The sling bullet hits Sigmund!
Sigmund is severely wounded.
Sigmund casts a spell at you.
You are confused.
You shoot a sling bullet.
You bump into the rock wall.
Sigmund points at you and mumbles some strange words.
The puff of flame hits you!
* * * LOW HITPOINT WARNING * * *
You bump into the rock wall.
You bump into the rock wall.
Sigmund gestures at you while chanting. The puff of flame hits you!
You die...
Sigmund begins carving another notch in his scythe.

#...~≈~~~~~~~~..##..........
##~.~....~..~.~.##..........
#..~.~~.....~~~.###.........
...###..##........#.......##
##.# #..######..........####
## #.# #..# #.##.##........
.8#####.###..# #.##.##....####
.........##..######.##.##....#
.!.....†...@....@............#
............#######.##.##....#
.8#####...#.......†....#####.#
## ###...#######.#### #.#
##########...........# #.#
##.#...###.########..# #.. ##
##..###.##.# #.....# ### #.
...## ##.#.# #†###.# ## ...#
#.#.# #.# #.# #


You could see Sigmund (invisible).

Vanquished Creatures
  A jelly (D:3)
  Natasha (D:3)
  4 adders
  2 worms
  3 dart slugs
  2 ball pythons
  7 endoplasms
  A giant cockroach (D:2)
  11 goblins
  3 hobgoblins
  6 kobolds
  2 quokkas (D:2)
  A bat (D:1)
  2 frilled lizards
  4 rats
50 creatures vanquished.

Notes
Turn   | Place    | Note
-------+----------+-------------------------------------------
     0 | D:1      | wildpjah the Spriggan Hexslinger began the quest for the
                  | Orb.
     0 | D:1      | Reached XP level 1. HP: 9/9 MP: 3/3
    81 | D:1      | Reached XP level 2. HP: 14/14 MP: 5/5
   648 | D:2      | Reached XP level 3. HP: 17/17 MP: 6/6
   773 | D:2      | Learned a level 2 spell: Jinxbite
   961 | D:2      | Reached skill level 1 in Fighting
  1204 | D:2      | Reached skill level 1 in Stealth
  1440 | D:3      | Reached XP level 4. HP: 21/22 MP: 7/7
  1617 | D:3      | Found a glowing golden altar of the Shining One.
  1753 | D:3      | Found a white marble altar of Elyvilon.
  1828 | D:3      | Found a glowing silver altar of Zin.
  1851 | D:3      | Found a faded altar of an unknown god.
  1890 | D:3      | Noticed Natasha
  1895 | D:3      | Killed Natasha
  1896 | D:3      | Reached XP level 5. HP: 15/25 MP: 5/8
  1939 | D:3      | Found an iron altar of Okawaru.
  1939 | D:3      | Found a runed translucent door.
  1940 | D:3      | Noticed Sigmund
  1967 | D:3      | Killed from afar by Sigmund

Illustrated notes

Levels and vault maps discovered:
D:1:      amcnicky_arrival_gap_in_the_tavern_cellar, layout_basic
D:2:      layout_basic
D:3:      layout_loops_ring, lemuel_coloured_pillars_altar,
          nicolae_overflow_guarded_unrand_okawaru_victory, zin_academy,
          nicolae_tso_swordbearing_angel, chequers_ecumenical_altar_island,
          uniq_natasha, uniq_sigmund

Skill      XL: |  1  2  3  4 |
---------------+-------------+-----
Hexes          | 4 |  4.3
Dodging        | 3 |  3.1
Ranged Weapons | 3 4 |  4.2
Fighting       | 1 |  1.5
Stealth        | 1 |  1.1
Spellcasting   | |  1.6
Fire Magic     | |  0.7

Action                     |  1- 3 |  4- 6 || total
---------------------------+-------+-------++-------
   Fire: Sling             |    90 |    37 ||   127
   Cast: Jinxbite          |     3 |     1 ||     4
 Armour: Robe              |     3 |     7 ||    10
  Dodge: Dodged            |    16 |     6 ||    22

Table legend: (Time is in decaauts)
 A = Elapsed time spent in this place.
 B = Non-inter-level travel time spent in this place.
 C = Inter-level travel time spent in this place.
 D = Time resting spent in this place.
 E = Time spent auto-exploring this place.
 F = Levels seen in this place.
 G = Mean time per level.
                   A        B        C        D        E       F      G
               +--------+--------+--------+--------+--------+-----+--------+
         Total |   1376 |   1345 |     31 |      0 |   1095 |   3 |  458.7 |
       Dungeon |   1376 |   1345 |     31 |      0 |   1095 |   3 |  458.7 |
               +--------+--------+--------+--------+--------+-----+--------+

Top non-repeatable levels by time:
     D:2: 532 daAuts
     D:3: 447 daAuts
     D:1: 397 daAuts
